 Dungeon Crawl Stone Soup version 0.28-a0-390-gb254ac4902 (webtiles) character file.

Game seed: 15690966450214644358

209 mg7810 the Shooter (level 5, -2/51 (61) HPs)
             Began as a Palentonga Hunter on Sept 3, 2021.
             Was a Believer of Dithmenos.
             Slain by an orc (6 damage)
             ... on level 4 of the Dungeon.
             The game lasted 00:18:23 (3783 turns).

mg7810 the Shooter (Palentonga Hunter)              Turns: 3783, Time: 00:18:24

HP:   -2/51 (61)    AC:  4    Str: 15    XL:     5   Next: 55%
MP:   6/6           EV:  9    Int: 11    God:    Dithmenos [**....]
Gold: 155           SH:  0    Dex: 14    Spells: 4/4 levels left

rFire   + . .      SeeInvis +   b - +0 short sword
rCold   . . .      Faith    .   (no shield)
rNeg    . . .      Spirit   .   c - +0 leather armour
rPois   .          Reflect  .   (no helmet)
rElec   .          Harm     .   f - scarf {+Inv}
rCorr   .          Rampage  .   (no gloves)
Will    +....                   (no barding)
Stlth   ..........              (no amulet)
HPRegen 0.17/turn               (no ring)
MPRegen 0.10/turn               (no ring)

@: berserking (expiring), flying, hasted, wreathed by umbra, heavily drained,
very quick
A: large, rugged brown scales 3, see invisible, deformed body, roll 1, armoured
tail, fangs 1, thin skeletal structure 1, fire resistance 1, strong-willed 1
a: Rolling Charge, Renounce Religion, Evoke Invisibility, Shadow Step


You were on level 4 of the Dungeon.
You worshipped Dithmenos.
Dithmenos was pleased with you.
You visited 1 branch of the dungeon, and saw 4 of its levels.
You also visited: Sewer.

You collected 155 gold pieces.

Inventory:

Hand Weapons
 a - a +1 shortbow
 b - a +0 short sword (weapon)
Missiles
 d - 89 arrows
 i - a throwing net
Armour
 c - a +0 leather armour (worn)
 f - a scarf of invisibility (worn)
Magical Staves
 h - a staff of poison
Scrolls
 o - a scroll of fog
 s - a scroll of enchant weapon {unknown}
 t - 2 scrolls of enchant armour {unknown}
 u - a scroll of teleportation {unknown}
Potions
 l - 3 potions of haste
 n - a potion of resistance {unknown}
 p - a potion of invisibility {unknown}
 q - a potion of heal wounds {unknown}
 r - a potion of brilliance {unknown}
 v - a potion of might {unknown}


   Skills:
 + Level 2.6 Fighting
 + Level 4.9 Bows
 + Level 0.2 Armour
 + Level 1.5 Dodging
 * Level 1.3 Stealth
 * Level 2.1 Invocations


You had 4 spell levels left.
You didn't know any spells.
Your spell library contained the following spells:

 Spells                   Type           Power      Damage    Failure   Level
 Passwall                 Tmut/Erth      0%         N/A       54%         2
 Iskenderun's Mystic Bla  Conj/Tloc      0%         2d3       99%         4
 Leda's Liquefaction      Hex/Erth       0%         N/A       99%         4
 Bolt of Magma            Conj/Fire/Erth 0%         4d4       100%        5
 Dispersal                Tloc           0%         N/A       100%        6
 Statue Form              Tmut/Erth      0%         N/A       100%        6
 Disjunction              Tloc           0%         N/A       100%        8


Dungeon Overview and Level Annotations

Branches:
Dungeon (4/15)              Sewer (visited)
 Temple: D:4-7

Altars:
Dithmenos
Ru

Shops:
D:1 [


Innate Abilities, Weirdness & Mutations

You are completely covered in rugged brown scales. (AC +3, +7% HP)
You have supernaturally acute eyesight. (SInv)
Armour fits poorly on your strangely shaped body.
You can roll at nearby foes to attack.
You have a long armoured tail.
You have very sharp teeth.
You have a somewhat thin skeletal structure. (Dex +2, Stealth+)
Your flesh is heat resistant. (rF+)
You are strong-willed. (Will+)


Message History

You feel yourself moving faster!
You feel mighty!
You feel less invigorated. The ball python closely misses you.
The orc hits you from afar with a +0 trident!
b - a +0 short sword (weapon)
You feel a strong urge to attack something.
The orc wizard hits you with a +0 dagger.
The orc hits you with a +0 morningstar.
You closely miss the ball python. The ball python closely misses you.
The orc wizard casts a spell at you. The magic dart hits you.
The orc closely misses you.
The orc wizard hits you but does no damage.
You closely miss the orc wizard. The orc barely misses you.
The ball python bites you.
You barely miss the orc.
The orc wizard hits you but does no damage.
The orc closely misses you.
The orc wizard hits you with a +0 dagger.
The orc hits you with a +0 morningstar!
* * * LOW HITPOINT WARNING * * *
The ball python barely misses you.
You barely miss the orc.
The orc wizard hits you but does no damage.
The orc hits you from afar with a +0 trident.
* * * LOW HITPOINT WARNING * * *
The orc wizard barely misses you. The orc barely misses you.
The ball python bites you.
* * * LOW HITPOINT WARNING * * *
You bump into the rock wall.
The orc wizard barely misses you.
You closely miss the orc wizard. Your bite misses the orc wizard.
The orc wizard is lightly wounded.
The ball python bites you but does no damage.
The orc barely misses you.
The orc wizard hits you with a +0 dagger.
* * * LOW HITPOINT WARNING * * *
The orc barely misses you.
You barely miss the orc.
You feel less confused. The ball python closely misses you.
The orc hits you from afar with a +0 trident.
You die...

#..........,,,,,,,,*,,,*******,,,
#.......♣..♣..(....#,,****,,,,,,*
'.......[##....!...+,,,,,,*******
'.......(##..(.....+,,,,***** *
#.......♣..♣.......#,,,,**,,* **
#..................#,,,*,,,,* *,
#.............o....#*,,,,,,,* *,
##.............oo.#*,,,,,,,,* *,
.##...........wS@#*,,,,,,,,,* *,
..##...........o##,,,,,,,,,,* *,
#####..........##,,,,,,,,,,,* *,
##........##,,,,,,,,,,,,* **
##########*,,,,,,,,,,,,* *,
**,,,,,,,,,,,* *,
**,,,,,,,,,>****,
**,,,,,,,,,*,,,, **,*****,,,,,,,,


You could see a worm, 2 orc wizards, 2 orcs and a ball python.

Vanquished Creatures
  3 gnolls (D:2)
  A river rat (D:3)
  9 adders
  2 worms (D:3)
  3 dart slugs (D:2)
  2 orcs (D:3)
  11 ball pythons
  6 endoplasms
  8 giant cockroaches
  6 goblins
  4 hobgoblins
  5 kobolds
  5 quokkas
  2 bats
  9 frilled lizards
  3 rats
79 creatures vanquished.

Notes
Turn   | Place    | Note
-------+----------+-------------------------------------------
     0 | D:1      | mg7810 the Palentonga Hunter began the quest for the Orb.
     0 | D:1      | Reached XP level 1. HP: 17/17 MP: 1/1
   443 | D:1      | Found Gyhesout's Antique Armour Shop.
   476 | D:1      | Reached XP level 2. HP: 23/23 MP: 2/2
   718 | D:1      | Found a faded altar of an unknown god.
   731 | D:1      | Became a worshipper of Dithmenos the Shadowed
   731 | D:1      | Reached * piety under Dithmenos
  1027 | D:2      | Reached skill level 4 in Bows
  1036 | D:2      | Reached XP level 3. HP: 28/28 MP: 3/3
  1401 | D:2      | Reached skill level 1 in Stealth
  1688 | D:2      | Reached XP level 4. HP: 35/35 MP: 4/4
  2029 | D:3      | Reached skill level 1 in Invocations
  2066 | D:3      | Found a sacrificial altar of Ru.
  2218 | D:3      | Reached ** piety under Dithmenos
  2225 | D:3      | Reached XP level 5. HP: 26/41 MP: 6/6
  2266 | D:3      | Found a glowing drain.
  2270 | Sewer    | Entered a sewer
  3134 | D:3      | Got Dokhit's Volume of Dusty Orientation
  3773 | D:4      | Gained mutation: Your flesh is heat resistant. (rF+)
                  | [potion of mutation]
  3773 | D:4      | Gained mutation: You have a somewhat thin skeletal
                  | structure. (Dex +2, Stealth+) [potion of mutation]
  3773 | D:4      | Gained mutation: You are strong-willed. (Will+) [potion of
                  | mutation]
  3773 | D:4      | Gained mutation: You have very sharp teeth. [potion of
                  | mutation]
  3783 | D:4      | Slain by an orc

Illustrated notes

Levels and vault maps discovered:
D:1:      ncdulo_wetmaze, layout_basic, serial_shops, nicolae_lakefront_shop,
          ebering_ecumenical_altar_abandoned
D:2:      layout_basic
D:3:      layout_basic, nicolae_ru_path_of_blood, gup_sewer_entry_spiral
D:4:      kennysheep_big_flooded_room, layout_cave_pods, enter_ossuary_2,
          uniq_edmund

Skill      XL: |  1  2  3  4  5 |
---------------+----------------+-----
Bows           | 4 |  4.9
Stealth        | 1 |  1.3
Invocations    | 1 2 |  2.1
Fighting       | |  2.6
Armour         | |  0.2
Dodging        | |  1.5

Action                   |  1- 3 |  4- 6 || total
-------------------------+-------+-------++-------
Melee: Short sword       |       |     6 ||     6
 Fire: Shortbow          |    79 |   146 ||   225
 Abil: Evoke Invisibilit |     1 |       ||     1
  Use: Scroll            |     4 |     2 ||     6
       Potion            |     1 |     6 ||     7
Armor: Leather armour    |     5 |    21 ||    26
Dodge: Dodged            |    10 |    63 ||    73

Table legend: (Time is in decaauts)
 A = Elapsed time spent in this place.
 B = Non-inter-level travel time spent in this place.
 C = Inter-level travel time spent in this place.
 D = Time resting spent in this place.
 E = Time spent auto-exploring this place.
 F = Levels seen in this place.
 G = Mean time per level.
                   A        B        C        D        E       F      G
               +--------+--------+--------+--------+--------+-----+--------+
         Total |   3903 |   3776 |    127 |      0 |   2951 |   5 |  780.6 |
       Dungeon |   3139 |   3012 |    127 |      0 |   2340 |   4 |  784.8 |
         Sewer |    763 |    763 |      0 |      0 |    610 |   1 |  763.0 |
               +--------+--------+--------+--------+--------+-----+--------+

Top non-repeatable levels by time:
     D:3: 1143 daAuts
     D:2: 1020 daAuts
     D:1: 898 daAuts
   Sewer: 763 daAuts
     D:4: 77 daAuts
